AoeStats
← AOKI_GworK

QS Arena

503236369Analyzed
4v4 RM · 1mo ago on Aug 30, 2026· 40m 50s· 8 players
Game mode
Random Map
Map size
Large (8 player)
Population
200
Speed
Normal
Resources
Standard
Victory
Conquest
Starting age
Dark Age
Ending age
Imperial Age
RankedLock teamsTeams togetherTeam positionsShared explorationLock speedFull tech treeHidden civsTurbo modeCheats
Victory
Defeat
🇫🇷 Berbers · France
1760
+15
🇫🇷 Lithuanians · France
1678
+19
🇫🇷 Portuguese · France
1657
+20
🇧🇪 Spanish · Belgium
1657
+20
🇩🇪 Chinese · Germany
1811
-21
🇦🇹 Franks · Austria
1775
-20
🇩🇪 Hindustanis · Germany
1725
-18
🇺🇸 Burgundians · United States
1673
-15
AOKI_Thanouille
8:40 Feudal Age
10:02 Double-Bit Axe
12:29 Castle Age
10:29 Horse Collar
13:33 Bow Saw
19:17 Wheelbarrow
19:09 Heavy Plow
19:16 Stone Mining
21:12 Hand Cart
20:55 Gold Mining
21:00 Loom
22:01 Stone Shaft Mining
26:33 Imperial Age
24:07 Fletching
24:36 Kasbah
25:27 Gold Shaft Mining
25:01 Bodkin Arrow
25:07 Town Watch
25:46 Padded Archer Armor
26:10 Ballistics
27:07 Bloodlines
26:57 Husbandry
27:28 Bracer
28:38 Chemistry
28:44 Leather Archer Armor
28:39 Thumb Ring
28:56 Conscription
30:18 Ring Archer Armor
30:47 Crop Rotation
31:50 Scale Barding Armor
31:46 Scale Mail Armor
31:44 Cavalier
32:47 Chain Barding Armor
33:54 Plate Barding Armor
33:54 Light Cavalry
35:12 Forging
36:10 Caravan
37:15 Iron Casting
36:30 Hussar
38:05 Fortified Wall
38:05 Elite Camel Archer
41:02 Blast Furnace
AOKI_Totor
8:20 Feudal Age
12:50 Castle Age
10:40 Double-Bit Axe
10:37 Horse Collar
12:51 Light Cavalry
14:55 Scale Barding Armor
15:02 Loom
18:29 Gold Mining
19:27 Bloodlines
19:51 Forging
20:55 Wheelbarrow
22:55 Stone Mining
23:20 Husbandry
24:38 Chain Barding Armor
26:24 Iron Casting
27:10 Hand Cart
31:53 Imperial Age
31:02 Heavy Plow
31:57 Cavalier
33:43 Bow Saw
34:38 Caravan
39:57 Plate Barding Armor
39:15 Paladin
40:51 Town Watch
42:10 Two-Man Saw
AOKI_WALLY
9:16 Feudal Age
10:10 Double-Bit Axe
12:57 Castle Age
10:59 Horse Collar
12:20 Padded Archer Armor
12:13 Loom
17:17 Bow Saw
17:38 Leather Archer Armor
27:10 Imperial Age
26:54 Bloodlines
27:07 Husbandry
27:44 Heavy Plow
28:28 Wheelbarrow
31:01 Onager
31:49 Gold Mining
31:57 Light Cavalry
33:54 Chemistry
33:17 Scale Barding Armor
33:08 Hussar
36:02 Chain Barding Armor
37:10 Hand Cart
37:59 Plate Barding Armor
40:22 Two-Man Saw
40:19 Forging
AOKI_GworK
8:26 Feudal Age
12:18 Castle Age
10:59 Double-Bit Axe
13:51 Bow Saw
17:55 Town Watch
23:25 Wheelbarrow
22:36 Loom
23:45 Horse Collar
25:33 Fortified Wall
29:28 Imperial Age
26:52 Gold Mining
26:52 Stone Mining
28:25 Hand Cart
31:24 Chemistry
31:06 Padded Archer Armor
33:05 Leather Archer Armor
32:57 Siege Engineers
33:15 Ballistics
33:43 Arquebus
34:04 Conscription
34:40 Scale Mail Armor
35:12 Ring Archer Armor
35:48 Two-Man Saw
34:50 Heavy Plow
34:34 Pikeman
35:15 Scale Mail Armor
35:26 Forging
36:16 Crop Rotation
35:10 Halberdier
36:49 Chain Mail Armor
38:22 Plate Mail Armor
39:28 Iron Casting
38:56 Fletching
39:15 Circumnavigation
Obuk
0:30 Loom
7:43 Feudal Age
11:40 Castle Age
10:10 Double-Bit Axe
10:12 Horse Collar
12:30 Heavy Plow
13:11 Bow Saw
18:15 Wheelbarrow
17:58 Fletching
18:46 Ballistics
18:42 Town Watch
18:50 Gold Mining
20:00 Bodkin Arrow
21:40 Hand Cart
28:27 Imperial Age
26:31 Masonry
27:23 Padded Archer Armor
27:38 Stone Mining
28:24 Gold Shaft Mining
29:11 Leather Archer Armor
29:05 Thumb Ring
29:16 Bracer
30:42 Chemistry
30:46 Two-Man Saw
30:24 Stone Shaft Mining
29:15 Elite Skirmisher
30:30 Ring Archer Armor
31:46 Architecture
32:44 Conscription
32:14 Elite Chu Ko Nu
34:34 Coinage
36:29 Banking
37:13 Guard Tower
37:08 Arrowslits
37:32 Town Patrol
38:59 Keep
38:26 Great Wall
number5
7:40 Feudal Age
11:21 Castle Age
9:29 Double-Bit Axe
9:49 Horse Collar
11:17 Loom
14:16 Bow Saw
20:34 Stone Mining
22:39 Gold Mining
22:51 Heavy Plow
24:24 Wheelbarrow
26:32 Murder Holes
27:27 Fervor
29:04 Ballistics
29:31 Town Watch
32:29 Imperial Age
30:56 Scale Mail Armor
31:04 Fletching
32:35 Bodkin Arrow
33:24 Masonry
34:04 Bloodlines
34:12 Scale Barding Armor
35:45 Chain Barding Armor
37:05 Chemistry
37:46 Plate Barding Armor
39:36 Padded Archer Armor
MacesB
7:55 Feudal Age
11:56 Castle Age
9:46 Double-Bit Axe
12:54 Bow Saw
13:58 Scale Barding Armor
19:54 Husbandry
21:01 Chain Barding Armor
21:10 Light Cavalry
22:55 Wheelbarrow
24:59 Forging
25:20 Gold Mining
25:55 Hand Cart
25:55 Scale Mail Armor
26:30 Iron Casting
25:40 Pikeman
28:06 Chain Mail Armor
32:53 Loom
32:53 Town Watch
33:10 Squires
36:24 Imperial Age
35:25 Gold Shaft Mining
34:58 Arson
35:41 Town Patrol
36:26 Halberdier
37:39 Plate Mail Armor
38:09 Blast Furnace
36:31 Cavalier
38:31 Plate Barding Armor
37:57 Cavalier
Xololo
2:50 Double-Bit Axe
5:32 Loom
9:24 Feudal Age
11:03 Town Watch
11:18 Horse Collar
13:47 Castle Age
14:04 Fletching
14:35 Bow Saw
16:41 Bodkin Arrow
17:59 Sanctity
20:59 Scale Mail Armor
22:21 Wheelbarrow
22:55 Chain Mail Armor
24:42 Heavy Plow
26:17 Padded Archer Armor
25:42 Elite Skirmisher
28:15 Fortified Wall
30:09 Leather Archer Armor
31:19 Squires
32:02 Ballistics
33:04 Masonry
34:27 Pikeman
38:43 Imperial Age
39:18 Halberdier
40:54 Conscription
40:34 Crossbowman
Connection lost

Rejoining the realm…

Still unreachable

The connection could not be restored.

Session expired

The server has moved on; the page needs a fresh start.